 Dungeon Crawl Stone Soup version 0.30-a0-782-ge64f9170bb (webtiles) character file.

Game seed: 17787088575232625241

37 Leeroy the Changer (level 3, -1/23 HPs)
             Began as an Octopode Transmuter on Feb 22, 2023.
             Slain by a worm (12 damage)
             ... on level 2 of the Dungeon.
             The game lasted 00:00:50 (847 turns).

Leeroy the Changer (Octopode Transmuter)             Turns: 847, Time: 00:00:51

Health: -1/23      AC:  1    Str: 11    XL:     3   Next: 41%
Magic:  6/6        EV: 13    Int: 15    God:
Gold:   57         SH:  0    Dex: 12    Spells: 5/6 levels left

rFire   . . .      SeeInvis .      - Unarmed
rCold   . . .      Faith    .    (no shield)
rNeg    . . .      Spirit   .    (helmet restricted)
rPois   .          Reflect  .    (no amulet)
rElec   .          Harm     .    (no ring)
rCorr   .          Rampage  .    (no ring)
Will    .....                    (no ring)
Stlth   ++                       (no ring)
HPRegen 0.23/turn                (no ring)
MPRegen 0.10/turn                (no ring)
                                 (no ring)
                                 (no ring)

@: no status effects
A: almost no armour, amphibious, 8 rings, camouflage 1, gelatinous body 1,
(nimble swimmer 1), tentacles
a: no special abilities


You were on level 2 of the Dungeon.
You visited 1 branch of the dungeon, and saw 2 of its levels.

You collected 57 gold pieces.

Inventory:

Missiles
 f - 4 poisoned darts
 j - a throwing net
Scrolls
 b - a scroll of immolation {unknown}
 d - a scroll of poison {unknown}
 e - a scroll of identify {unknown}
 g - 2 scrolls of enchant armour {unknown}
 h - a scroll of noise {unknown}
 i - a scroll of fog {unknown}
 k - a scroll of vulnerability {unknown}
Potions
 a - a potion of lignification
 c - a potion of might {unknown}


   Skills:
 - Level 1.0 Fighting
 - Level 2.0 Dodging
 - Level 3.0 Unarmed Combat
 - Level 2.0 Spellcasting
 + Level 3.7 Transmutations


You had 5 spell levels left.
You knew the following spells:

 Your Spells              Type           Power      Damage    Failure   Level
a - Beastly Appendage     Tmut           24%        N/A       4%          1

Your spell library contained the following spells:

 Spells                   Type           Power      Damage    Failure   Level
 Wereblood                Tmut           12%        N/A       7%          2
 Spider Form              Tmut/Pois      7%         N/A       30%         3
 Ice Form                 Ice/Tmut       7%         N/A       71%         4


Dungeon Overview and Level Annotations

Branches:
Dungeon (2/15)

Altars:


Innate Abilities, Weirdness & Mutations

You cannot wear most types of armour.
You are amphibious.
You can wear up to eight rings at the same time.
Your skin changes colour to match your surroundings (Stealth+).
Your rubbery body absorbs attacks. (AC +1, EV +1)
((You are camouflaged when in or above water. (Stealth+)))
You have tentacles for arms and can constrict up to eight enemies at once.


Message History

You tentacle-slap the jackal.
You kill the jackal!
The jackal closely misses you. The jackal bites you.
You completely miss the jackal. You grab the jackal. You constrict the jackal.
The jackal barely misses you. x2
You barely miss the jackal. You squeeze the jackal.
The jackal is moderately wounded.
You constrict the jackal. The jackal barely misses you. The jackal bites you.
The jackal closely misses you.
You tentacle-slap the jackal.
The jackal is severely wounded.
You constrict the jackal, but do no damage.
The jackal misses you. The worm closely misses you. The jackal bites you. x2
You barely miss the jackal.
The jackal is severely wounded.
You constrict the jackal.
The jackal bites you. x2; The worm bites you.
You are too injured to fight recklessly!
You are too injured to fight recklessly!
You are too injured to fight recklessly!
You release your grip on the jackal.
The jackal completely misses you. The jackal barely misses you.
The jackal bites you but does no damage.
The jackal completely misses you.
You barely miss the jackal. You grab the jackal. You squeeze the jackal.
The jackal is moderately wounded.
You constrict the jackal. You tentacle-slap the jackal.
You kill the jackal!
You miss the jackal. You grab the jackal.
The jackal is almost dead.
You constrict the jackal.
You kill the jackal!
You barely miss the worm. Your grab misses the worm.
You squeeze the worm, but do no damage.
You are too injured to fight recklessly!
You tentacle-slap the worm. Your grab misses the worm.
The worm is lightly wounded.
The worm bites you!
Ouch! That really hurt!
You die...

##### #...# #...#
######...#### ######
.........+..# #..... .
#.@.##.# ####.....
#.######w###.# #.....##.
#........# #.####.##..##.
#........# #......##..##.
#.......# #.[..####..##.
#.......###.##.#........
.........................
#..#....$..........##..#.
##..#.######.............


You could see a worm.

Vanquished Creatures
  An adder (D:2)
  3 ball pythons (D:1)
  3 bats (D:1)
  An endoplasm (D:1)
  2 giant cockroaches (D:1)
  A goblin (D:1)
  4 hobgoblins
  3 jackals (D:2)
  2 frilled lizards (D:1)
  2 kobolds
  2 rats
24 creatures vanquished.

Notes
Turn   | Place    | Note
-------+----------+-------------------------------------------
     0 | D:1      | Leeroy the Octopode Transmuter began the quest for the Orb.
     0 | D:1      | Reached XP level 1. HP: 13/13 MP: 3/3
    97 | D:1      | Reached XP level 2. HP: 18/18 MP: 5/5
   245 | D:1      | Found a faded altar of an unknown god.
   721 | D:2      | Reached XP level 3. HP: 23/23 MP: 6/6
   847 | D:2      | Slain by a worm

Illustrated notes

Levels and vault maps discovered:
D:1:      heliophobic_arrival_enchanted_forest, layout_basic,
          basic_ecumenical_altar
D:2:      layout_basic

Skill      XL: |  1  2 |
---------------+-------+-----
Transmutations | 3 |  3.7
Fighting       | |  1.0
Dodging        | |  2.0
Unarmed Combat | |  3.0
Spellcasting   | |  2.0

Action                     || total
---------------------------++-------
  Melee: Unarmed           ||    52
         Constrict         ||    18
         Tentacles         ||    13
         Punch             ||     1
   Stab: Sleeping          ||     4
         Distracted        ||     1
 Armour: Skin              ||     6
  Dodge: Dodged            ||    40

Table legend: (Time is in decaauts)
 A = Elapsed time spent in this place.
 B = Non-inter-level travel time spent in this place.
 C = Inter-level travel time spent in this place.
 D = Time resting spent in this place.
 E = Time spent auto-exploring this place.
 F = Levels seen in this place.
 G = Mean time per level.
                   A        B        C        D        E       F      G
               +--------+--------+--------+--------+--------+-----+--------+
         Total |    843 |    807 |     36 |      0 |    652 |   2 |  421.5 |
       Dungeon |    843 |    807 |     36 |      0 |    652 |   2 |  421.5 |
               +--------+--------+--------+--------+--------+-----+--------+

Top non-repeatable levels by time:
     D:1: 617 daAuts
     D:2: 226 daAuts
